% Time on Ice - PORTLAND PIRATES
Lines # - Real PCT - Wanted PCT - Time Play
Normal Forward
1 - 31% - 33% - 14:48
2 - 33% - 32% - 15:20
3 - 26% - 30% - 12:28
4 - 9% - 5% - 4:27
Normal Defense
1 - 36% - 35% - 16:51
2 - 34% - 33% - 16:06
3 - 20% - 22% - 9:36
4 - 10% - 10% - 4:30
PP Forward
1 - 57% - 60% - 3:23
2 - 43% - 40% - 2:34
PP Defense
1 - 45% - 60% - 2:42
2 - 55% - 40% - 3:15
PK Forward
1 - 67% - 60% - 4:00
2 - 33% - 40% - 1:57
PK Defense
1 - 56% - 60% - 3:21
2 - 44% - 40% - 2:36
PK3 Forward
1 - 0% - 60%
2 - 0% - 40%
PK3 Defense
1 - 0% - 60%
2 - 0% - 40%
44 Forward
1 - 100% - 60% - 1:03
2 - 0% - 40% - 0:00
44 Defense
1 - 100% - 60% - 1:03
2 - 0% - 40% - 0:00
Last Minute Offensive  - 0:00
Last Minute Defensive  - 0:00
Total
Forward - 60:00
Defense - 60:00
% Time on Ice - SACRAMENTO BANDITS
Lines # - Real PCT - Wanted PCT - Time Play
Normal Forward
1 - 32% - 35% - 15:09
2 - 33% - 35% - 15:18
3 - 26% - 25% - 12:20
4 - 9% - 5% - 4:16
Normal Defense
1 - 34% - 36% - 15:50
2 - 30% - 31% - 14:09
3 - 31% - 23% - 14:42
4 - 5% - 10% - 2:22
PP Forward
1 - 46% - 55% - 2:44
2 - 54% - 45% - 3:13
PP Defense
1 - 48% - 55% - 2:53
2 - 52% - 45% - 3:04
PK Forward
1 - 57% - 55% - 3:24
2 - 43% - 45% - 2:33
PK Defense
1 - 47% - 55% - 2:49
2 - 53% - 45% - 3:08
PK3 Forward
1 - 0% - 55%
2 - 0% - 45%
PK3 Defense
1 - 0% - 55%
2 - 0% - 45%
44 Forward
1 - 84% - 55% - 0:53
2 - 16% - 45% - 0:10
44 Defense
1 - 84% - 55% - 0:53
2 - 16% - 45% - 0:10
Last Minute Offensive  - 0:00
Last Minute Defensive  - 0:00
Total
Forward - 60:00
Defense - 60:00
Play-by-Play 1st period 0:01 of 1st period - Mika Zibanejad wins face-off versus Alexander DeBrincat in neutral zone. 0:32 of 1st period - Shot by Alexander DeBrincat. 0:32 of 1st period - Shot Misses the Net. 0:47 of 1st period - Shot by Jonathan Huberdeau. 0:47 of 1st period - Shot Misses the Net. 0:49 of 1st period - Shot by John Carlson. 0:49 of 1st period - Shot Blocked by Brian Dumoulin. 1:08 of 1st period - Off-side. 1:09 of 1st period - Colton Sissons wins face-off versus Chandler Stephenson in neutral zone. 1:09 of 1st period - Colton Sissons is hit by Yanni Gourde. 1:12 of 1st period - Ben Harpur is hit by Yanni Gourde and loses puck. 1:40 of 1st period - Chandler Stephenson is hit by Lukas Vejdemo and loses puck. 2:17 of 1st period - Shot by Jamie Benn. 2:17 of 1st period - Stopped by Chris Driedger without a rebound. 2:18 of 1st period - Kyle Turris wins face-off versus Joe Thornton in PORTLAND PIRATES zone. 2:46 of 1st period - Minor Penalty to Niko Mikkola for Hooking. 2:47 of 1st period - Lars Eller wins face-off versus Mika Zibanejad in SACRAMENTO BANDITS zone. 4:04 of 1st period - Shot by Rickard Rakell. 4:04 of 1st period - Shot Misses the Net. 5:05 of 1st period - Shot by Kyle Turris. 5:05 of 1st period - Stopped by Chris Driedger without a rebound. 5:06 of 1st period - Joe Thornton wins face-off versus Alexander DeBrincat in PORTLAND PIRATES zone. 5:22 of 1st period - Icing by Jonathan Huberdeau. 5:23 of 1st period - Brock Boeser wins face-off versus Joakim Nordstrom in SACRAMENTO BANDITS zone. 5:33 of 1st period - Shot by Brock Boeser. 5:33 of 1st period - Stopped by Chris Driedger without a rebound. 5:34 of 1st period - Lars Eller wins face-off versus Mika Zibanejad in PORTLAND PIRATES zone. 6:49 of 1st period - Jonathan Huberdeau is hit by Mika Zibanejad and loses puck. 7:04 of 1st period - Shot by Jonathan Huberdeau. 7:04 of 1st period - Stopped by Chris Driedger without a rebound. 7:05 of 1st period - Chandler Stephenson wins face-off versus Colton Sissons in PORTLAND PIRATES zone. 7:05 of 1st period - Chandler Stephenson is hit by Gabriel Dumont. 7:14 of 1st period - Icing by Libor Hajek. 7:15 of 1st period - Gabriel Dumont wins face-off versus Rickard Rakell in SACRAMENTO BANDITS zone. 7:27 of 1st period - Joe Thornton is hit by Libor Hajek. 7:36 of 1st period - Icing by Ben Harpur. 7:37 of 1st period - Colton Sissons wins face-off versus Chandler Stephenson in SACRAMENTO BANDITS zone. 7:48 of 1st period - Shot by Colton Sissons. 7:48 of 1st period - Shot Misses the Net. 8:11 of 1st period - Yanni Gourde is hit by Ben Harpur and loses puck. 8:17 of 1st period - Yanni Gourde is hit by Ben Harpur and loses puck. 8:23 of 1st period - Icing by Colton Sissons. 8:24 of 1st period - Colton Sissons wins face-off versus Joe Thornton in SACRAMENTO BANDITS zone. 8:45 of 1st period - Colton Sissons is hit by Ryan Donato and loses puck. 8:54 of 1st period - Shot by Ryan Donato. 8:54 of 1st period - Stopped by Andrei Vasilevskiy without a rebound. 8:55 of 1st period - Lars Eller wins face-off versus Mika Zibanejad in SACRAMENTO BANDITS zone. 8:55 of 1st period - Lars Eller is hit by Mika Zibanejad. 9:38 of 1st period - Travis Konecny is hit by Tom Wilson and loses puck. 10:41 of 1st period - Icing by Jonathan Huberdeau. 10:42 of 1st period - Joe Thornton wins face-off versus Alexander DeBrincat in SACRAMENTO BANDITS zone. 10:43 of 1st period - Shot by Rickard Rakell. 10:43 of 1st period - Stopped by Andrei Vasilevskiy without a rebound. 10:44 of 1st period - Rickard Rakell wins face-off versus Kyle Turris in SACRAMENTO BANDITS zone. 10:45 of 1st period - Shot by Ryan Donato. 10:45 of 1st period - Shot Misses the Net. 10:50 of 1st period - Jonathan Huberdeau is hit by Brian Dumoulin and loses puck. 11:13 of 1st period - Shot by Jonathan Huberdeau. 11:13 of 1st period - Stopped by Chris Driedger without a rebound. 11:14 of 1st period - Mika Zibanejad wins face-off versus Lars Eller in PORTLAND PIRATES zone. 11:34 of 1st period - Shot by Gabriel Landeskog. 11:34 of 1st period - Stopped by Andrei Vasilevskiy with a rebound. 11:43 of 1st period - Icing by Joel Edmundson. 11:44 of 1st period - Chandler Stephenson wins face-off versus Lars Eller in SACRAMENTO BANDITS zone. 12:07 of 1st period - Shot by Pavel Zacha. 12:07 of 1st period - Stopped by Andrei Vasilevskiy with a rebound. 12:40 of 1st period - Jamie Benn is hit by Joe Thornton and loses puck. 12:50 of 1st period - Icing by Travis Hamonic. 12:51 of 1st period - Alexander DeBrincat wins face-off versus Joe Thornton in PORTLAND PIRATES zone. 13:00 of 1st period - John Carlson is hit by Joe Thornton and loses puck. 13:06 of 1st period - Minor Penalty to Travis Hamonic for Cross-checking. 13:07 of 1st period - Joe Thornton wins face-off versus Alexander DeBrincat in PORTLAND PIRATES zone. 13:35 of 1st period - Shot by Brock Boeser. 13:35 of 1st period - Shot Misses the Net. 14:15 of 1st period - Icing by Joel Edmundson. 14:16 of 1st period - Lars Eller wins face-off versus Chandler Stephenson in SACRAMENTO BANDITS zone. 14:23 of 1st period - Shot by Jamie Benn. 14:23 of 1st period - Stopped by Chris Driedger with a rebound. 14:25 of 1st period - Shot by Joel Edmundson. 14:25 of 1st period - Stopped by Chris Driedger without a rebound. 14:26 of 1st period - Joe Thornton wins face-off versus Lars Eller in PORTLAND PIRATES zone. 15:04 of 1st period - Brett Pesce is hit by Tom Wilson and loses puck. 15:40 of 1st period - Gabriel Landeskog is hit by Lukas Vejdemo and loses puck. 16:38 of 1st period - Brock Boeser is hit by Pavel Zacha. 17:10 of 1st period - Icing by John Carlson. 17:11 of 1st period - Joe Thornton wins face-off versus Alexander DeBrincat in SACRAMENTO BANDITS zone. 17:12 of 1st period - Shot by Rickard Rakell. 17:12 of 1st period - Shot Misses the Net. 17:14 of 1st period - Shot by Alec Martinez. 17:14 of 1st period - Stopped by Andrei Vasilevskiy without a rebound. 17:15 of 1st period - Lars Eller wins face-off versus Joe Thornton in SACRAMENTO BANDITS zone. 17:15 of 1st period - Lars Eller is hit by Ryan Donato. 17:16 of 1st period - Minor Penalty to Ryan Donato for Roughing. 17:17 of 1st period - Joe Thornton wins face-off versus Tom Wilson in PORTLAND PIRATES zone. 17:44 of 1st period - Shot by Lars Eller. 17:44 of 1st period - Shot Misses the Net. 17:46 of 1st period - Shot by Lars Eller. 17:46 of 1st period - Stopped by Chris Driedger without a rebound. 17:47 of 1st period - Joe Thornton wins face-off versus Alexander DeBrincat in PORTLAND PIRATES zone. 18:37 of 1st period - Tom Wilson is hit by Brian Dumoulin and loses puck. 19:41 of 1st period - Thomas Chabot is hit by Lukas Vejdemo and loses puck. Goals for this period are 0 for PORTLAND PIRATES vs 0 for SACRAMENTO BANDITS. Shots for this period are 5 for PORTLAND PIRATES vs 8 for SACRAMENTO BANDITS. 2nd period 0:01 of 2nd period - Lars Eller wins face-off versus Joe Thornton in neutral zone. 0:18 of 2nd period - Off-side. 0:19 of 2nd period - Pavel Zacha wins face-off versus Alexander DeBrincat